 Dungeon Crawl Stone Soup version 0.21.0-26-g889b8f6 (webtiles) character file.

184 loralnil the Shield-Bearer (level 5, -10/34 HPs)
             Began as a Gargoyle Fighter on Jan 27, 2018.
             Splashed by Ijyb's acid (14 damage)
             ... on level 3 of the Dungeon.
             The game lasted 00:04:40 (2151 turns).

loralnil the Shield-Bearer (Gargoyle Fighter)       Turns: 2151, Time: 00:04:42

Health: -10/34     AC:  8    Str: 20    XL:     5   Next: 64%
Magic:  14/14      EV:  7    Int:  9    God:
Gold:   165        SH: 11    Dex:  9    Spells: 4/4 levels left

rFire    . . .     SeeInvis .   a - +0 flail
rCold    . . .     Gourm    .   c - +2 shield
rNeg     + . .     Faith    .   b - +0 scale mail
rPois    ∞         Spirit   .   (no helmet)
rElec    +         Reflect  .   (no cloak)
rCorr    .         Harm     .   k - +0 pair of gloves
MR       .....                  (no boots)
Stlth    ..........             (no amulet)
HPRegen  0.11/turn              r - ring of magical power
MPRegen  0.14/turn              (no ring)

@: corroded
A: negative energy resistance 1, electricity resistance, unbreathing,
petrification resistance, rot immunity, AC +4
a: no special abilities


You were on level 3 of the Dungeon.
You were not hungry.

You visited 1 branch of the dungeon, and saw 4 of its levels.

You collected 165 gold pieces.

Inventory:

Hand Weapons
 a - a +0 flail (weapon)
Armour
 b - a +0 scale mail (worn)
 c - a +2 shield (worn)
 k - a +0 pair of gloves (worn)
Jewellery
 r - a ring of magical power (left hand)
Scrolls
 g - a scroll of enchant armour
 i - a scroll of enchant weapon {unknown}
 j - 5 scrolls of teleportation {unknown}
 q - 2 scrolls of fog {unknown}
 u - a scroll of identify
Potions
 d - 2 potions of might
 e - 2 potions of haste
 h - 5 potions of curing
 l - a potion of resistance {unknown}
 m - a potion of lignification {unknown}
 o - a potion of degeneration {unknown}
 p - a potion of berserk rage {unknown}
 s - 2 potions of heal wounds {unknown}
 v - a potion of brilliance {unknown}
Books
 n - a book of Maledictions

   Spells                             Type                      Level
   a - Corona                         Hexes                        1
   b - Ensorcelled Hibernation        Hexes/Ice                    2
   c - Confuse                        Hexes                        3
   d - Tukima's Dance                 Hexes                        3
   e - Dazzling Spray                 Conjuration/Hexes            3
Comestibles
 f - 6 rations
 t - 6 chunks of flesh


   Skills:
 + Level 4.4 Fighting
 + Level 3.2 Maces & Flails
 + Level 4.3 Armour
 + Level 4.4 Shields


You had 4 spell levels left.
You didn't know any spells.

Dungeon Overview and Level Annotations

Branches:
Dungeon (4/15)
 Temple: D:4-7

Altars:
Gozag
Nemelex Xobeh

Shops:
D:3 *

Annotations:
D:3 Ijyb


Innate Abilities, Weirdness & Mutations

You are resistant to torment.
Your stone body is resilient. (AC +4)
You are immune to poison.
You resist negative energy. (rN+)
You are resistant to electric shocks. (rElec)
You can survive without breathing.
You are immune to petrification.
You are immune to rotting.


Message History

You kill the goblin!
Your shield prevents you from hitting the goblin.
Ijyb zaps a wand.
The bolt of acid hits you! The acid corrodes you!
You are splashed with acid!
The acid burns!
It is a wand of acid (5).
You block the goblin's attack. Ijyb hits you with a dagger.
You miss the goblin. You block the goblin's attack.
Ijyb hits you but does no damage. The goblin hits you but does no damage.
You sock the goblin!
You kill the goblin!
Ijyb zaps a wand.
The bolt of acid misses you. You block the worm's attack.
Ijyb hits you but does no damage.
Found 5 gold pieces and a grey potion.
Things that are here:
a dagger; a goblin corpse x2
Ijyb closely misses you. You block the worm's attack.
There is a large open door here.
Ijyb zaps a wand.
The bolt of acid hits you!
* * * LOW HITPOINT WARNING * * *
You are splashed with acid!
The acid burns!
You die...

##' #...(.#
'##. #..
#.....# ..#
#.. #.)...#
..# #..
#.....# ..#
##'##.....##'#
#......((..).#
#............#
#...##########
#..@#.......##
#...gw).....'$
#...'.......#!
#############


You could see Ijyb and a worm.

Vanquished Creatures
  The ghost of Zleub the Skirmisher, an amateur HOFi (D:3)
  2 adders
  A dart slug (D:1)
  A leopard gecko (D:3)
  4 orcs (D:3)
  3 bats
  8 giant cockroaches
  14 goblins
  6 hobgoblins
  9 jackals
  3 quokkas
  3 frilled lizards
  3 kobolds
  2 rats (D:1)
60 creatures vanquished.

Notes
Turn   | Place    | Note
-------+----------+-------------------------------------------
     0 | D:1      | loralnil the Gargoyle Fighter began the quest for the Orb.
     0 | D:1      | Reached XP level 1. HP: 14/14 MP: 1/1
    88 | D:1      | Reached XP level 2. HP: 9/19 MP: 2/2
   376 | D:1      | Reached XP level 3. HP: 17/23 MP: 3/3
   389 | D:1      | Found a sparkling altar of Nemelex Xobeh.
  1096 | D:2      | You fall through a shaft for 2 floors!
  1125 | D:3      | Reached XP level 4. HP: 26/29 MP: 4/4
  1716 | D:3      | Found an opulent altar of Gozag.
  1718 | D:3      | Found Gozag's Platinum Reserve.
  1942 | D:3      | Noticed Zleub's ghost (amateur HOFi)
  1991 | D:3      | Killed Zleub's ghost
  1991 | D:3      | Reached XP level 5. HP: 23/34 MP: 5/5
  2140 | D:3      | Noticed Ijyb
  2151 | D:3      | Splashed by Ijyb's acid

Skill      XL: |  1  2  3  4 |
---------------+-------------+-----
Shields        | 4 |  4.4
Fighting       | 4 |  4.4
Armour         | 4 |  4.3
Maces & Flails | 3 |  3.2

Action                   |  1- 3 |  4- 6 || total
-------------------------+-------+-------++-------
Melee: Flail             |   210 |   106 ||   316
  Use: Scroll            |     6 |       ||     6
       Potion            |       |     1 ||     1
  Eat: Chunk             |     1 |     4 ||     5
Armor: Scale mail        |   137 |    56 ||   193
Dodge: Dodged            |    68 |    33 ||   101
Block: Shield            |   129 |    80 ||   209
